Map: Submarine LE

Players

Robbie (Rob) - Winner!

  • Race: Protoss Protoss
  • League: Grandmaster
  • Spawn Location: 11:00

LiquidTLO (TLO)

  • Race: Zerg Zerg
  • League: Master
  • Spawn Location: 5:00

Event: DreamHack SC2 Masters 2020 Fall

VOD

Have the link to the VOD?

Description

Time

  • Played on: Sept. 2, 2020, 7:40 p.m.
  • Length: 14:08

All games in this series

Show
View Real Time Build Order
Export as new Build Order

Robbie Protoss - Winner!

Build Orders:  

Get SALT Encoding   

  12  0:00  Probe  
  13  0:12  Probe  
  14  0:17  Pylon  
  14  0:24  Probe (Chrono Boost)  
  15  0:36  Probe (Chrono Boost)  
  15  0:37  Gateway  
  16  0:45  Assimilator, Probe (Chrono Boost)  
  17  0:51  Probe  
  17  0:54  Assimilator  
  18  1:03  Probe (Chrono Boost)  
  19  1:14  Probe (Chrono Boost)  
  20  1:19  Probe (Chrono Boost)  
  20  1:25  Cybernetics Core  
  21  1:27  Pylon  
  21  1:29  Probe  
  22  1:41  Probe  
  23  1:53  Probe  
  24  1:58  Warp Gate (Chrono Boost)  
  26  2:01  Sentry  
  26  2:05  Nexus  
  26  2:10  Pylon  
  26  2:13  Probe  
  27  2:26  Probe  
  27  2:28  Sentry  
  29  2:38  Probe  
  29  2:42  Robotics Facility  
  30  2:44  Gateway  
  30  2:51  Gateway  
  30  2:55  Probe  
  30  2:58  Sentry  
  33  3:07  Probe (Chrono Boost)  
  33  3:10  Forge  
  34  3:19  Probe (Chrono Boost)  
  36  3:20  Probe (Chrono Boost)  
  36  3:24  Sentry  
  36  3:27  Probe x2 (Chrono Boost)  
  40  3:33  Probe x2  
  42  3:45  Sentry, Probe x2  
  46  3:51  Immortal (Chrono Boost)  
  50  3:57  Probe x2  
  50  4:00  Protoss Ground Weapons Level 1 (Chrono Boost), Pylon  
  52  4:09  Probe x2  
  54  4:12  Pylon  
  54  4:25  Assimilator  
  54  4:27  Assimilator, Immortal (Chrono Boost), Probe x2  
  60  4:40  Probe  
  60  4:44  Zealot x3  
  67  4:46  Probe, Pylon  
  69  4:52  Probe  
  69  4:55  Twilight Council  
  69  5:06  Warp Prism (Chrono Boost)  
  67  5:09  Probe x2  
  71  5:16  Stalker  
  71  5:17  Sentry  
  71  5:21  Probe x2  
  76  5:27  Zealot  
  76  5:34  Observer (Chrono Boost)  
  77  5:36  Probe  
  78  5:55  Pylon  
  78  5:58  Nexus, Pylon  
  78  6:04  Zealot  
  78  6:05  Probe x2  
  78  6:08  Shield Battery  
  78  6:14  Robotics Bay, Stalker  
  78  6:17  Probe  
  78  6:18  Probe  
  82  6:21  Pylon  
  82  6:26  Protoss Ground Weapons Level 2 (Chrono Boost)  
  82  6:30  Probe x2  
  84  6:42  Probe x2  
  84  6:49  Stalker x3  
  71  7:36  Stalker  
  71  7:41  Nexus  
  71  7:43  Pylon  
  71  7:54  Immortal (Chrono Boost)  
  71  8:01  Gateway  
  71  8:02  Gateway  
  71  8:03  Probe x2  
  73  8:06  Sentry  
  73  8:10  Dark Shrine  
  75  8:15  Probe x2  
  75  8:17  Shield Battery  
  75  8:21  Zealot  
  76  8:28  Zealot  
  76  8:30  Disruptor (Chrono Boost), Zealot  
  76  8:34  Probe  
  82  8:43  Stalker  
  82  8:46  Probe  
  85  8:53  Probe x2  
  85  8:55  Disruptor (Chrono Boost)  
  85  8:56  Stalker x2  
  85  9:00  Zealot  
  85  9:02  Zealot  
  92  9:13  Stalker  
  92  9:17  Twilight Council  
  92  9:21  Stalker x3  
  92  9:23  Probe x2  
  100  9:33  Probe  
  100  9:35  Disruptor (Chrono Boost), Probe x2  
  106  9:47  Probe  
  106  9:48  Stalker x2  
  106  9:50  Probe  
  112  9:53  Assimilator  
  112  9:54  Assimilator  
  112  10:00  Zealot x2  
  112  10:02  Pylon  
  116  10:19  Probe, Pylon  
  116  10:20  Probe  
  116  10:21  Pylon  
  118  10:22  Stalker x3  
  118  10:25  Probe  
  125  10:31  Blink (Chrono Boost)  
  125  10:37  Disruptor (Chrono Boost), Probe  
  125  10:42  Shield Battery  
  129  10:52  Stalker  
  129  10:53  Stalker x4  
  139  11:11  Gateway x2  
  131  11:22  Probe x2  
  90  11:46  Stalker x2  
  90  11:47  Disruptor (Chrono Boost), Stalker x3  
  88  11:52  Gateway  
  88  11:53  Gateway  
  91  11:57  Pylon  
  91  12:08  Stalker x2  
  91  12:11  Stalker x5  
  102  12:33  Zealot, Sentry  
  103  12:44  Stalker  
  103  12:45  Stalker x4  
  103  12:49  Stalker x2  
  117  12:53  Robotics Facility  
  117  12:54  Robotics Facility  
  110  13:02  Stalker x2  
  114  13:17  Stalker x5  
  118  13:25  Pylon  
  114  13:37  Dark Templar x2  
  118  13:41  Dark Templar x3  
  118  13:45  Pylon  
  118  13:47  Pylon  
  124  13:48  Pylon  
Show
View Real Time Build Order
Export as new Build Order

LiquidTLO Zerg 

Build Orders: Hatch First 

Get SALT Encoding   

  12  0:01  Drone  
  13  0:13  Overlord  
  13  0:16  Drone  
  14  0:31  Drone x2  
  16  0:47  Hatchery  
  15  0:51  Drone  
  15  0:54  Drone  
  17  0:58  Drone  
  17  1:02  Extractor  
  17  1:13  Spawning Pool  
  17  1:16  Drone  
  17  1:20  Drone  
  18  1:29  Drone  
  19  1:39  Drone  
  20  2:00  Queen, Spine Crawler  
  21  2:02  Zergling x4  
  21  2:03  Queen  
  21  2:07  Metabolic Boost  
  25  2:13  Overlord  
  26  2:17  Drone x2  
  28  2:25  Overlord  
  28  2:33  Zergling x2  
  30  2:37  Zergling x2  
  30  2:43  Queen  
  34  2:46  Zergling x2  
  34  2:47  Zergling x2  
  34  2:50  Drone  
  37  2:53  Drone  
  36  3:04  Drone x2  
  38  3:06  Drone  
  38  3:09  Drone  
  38  3:10  Drone  
  38  3:12  Drone  
  42  3:13  Drone  
  42  3:14  Lair  
  42  3:17  Drone, Extractor  
  42  3:19  Drone  
  44  3:24  Overlord  
  44  3:30  Overlord  
  44  3:34  Overlord  
  44  3:39  Overlord  
  44  3:44  Drone  
  44  3:45  Drone x2  
  47  3:51  Drone, Roach Warren  
  47  3:53  Drone  
  47  3:55  Zergling x2  
  48  3:57  Zergling x2  
  48  3:59  Drone  
  48  4:02  Zergling x2  
  51  4:03  Drone  
  51  4:07  Drone  
  53  4:11  Extractor  
  53  4:14  Zergling x2  
  53  4:15  Zergling x2  
  54  4:22  Spine Crawler x2  
  54  4:23  Overlord  
  52  4:31  Roach x2  
  52  4:32  Roach  
  52  4:35  Roach  
  60  4:39  Roach  
  60  4:40  Roach  
  60  4:43  Roach  
  66  4:45  Glial Reconstitution  
  66  4:52  Roach, Overlord  
  70  4:54  Roach  
  70  4:56  Roach  
  70  4:57  Roach  
  70  4:59  Roach  
  77  5:06  Drone  
  76  5:14  Hatchery  
  76  5:18  Roach  
  76  5:20  Drone x2  
  79  5:22  Roach  
  79  5:23  Roach  
  79  5:25  Drone  
  78  5:28  Drone  
  78  5:30  Extractor, Ravager x2  
  78  5:31  Ravager  
  78  5:33  Drone  
  81  5:37  Roach  
  81  5:40  Ravager  
  83  5:46  Roach  
  83  5:49  Roach  
  87  5:53  Spine Crawler  
  87  5:54  Roach x2, Spine Crawler  
  87  5:57  Roach  
  83  5:59  Ravager  
  83  6:00  Zergling x2  
  83  6:03  Roach  
  86  6:05  Roach  
  86  6:07  Roach  
  86  6:10  Roach  
  91  6:14  Ravager  
  92  6:19  Overlord  
  92  6:23  Overlord  
  92  6:28  Roach x2  
  92  6:29  Roach  
  98  6:32  Overlord  
  98  6:39  Roach  
  100  6:42  Roach x3  
  100  6:46  Roach  
  108  6:50  Ravager  
  108  6:51  Ravager  
  106  6:56  Roach  
  108  7:02  Roach  
  110  7:22  Roach  
  100  7:23  Drone  
  100  7:26  Roach x2  
  91  7:30  Zergling x2  
  76  7:37  Drone  
  76  7:43  Drone  
  78  7:45  Roach  
  80  7:52  Roach, Ravager x3  
  87  7:58  Roach  
  87  8:04  Extractor  
  87  8:05  Extractor  
  85  8:07  Hatchery  
  85  8:08  Zergling x2  
  85  8:09  Zergling x2  
  86  8:13  Zergling x2  
  86  8:19  Zergling x6  
  90  8:20  Overlord  
  89  8:29  Lair  
  89  8:30  Drone  
  90  8:34  Roach  
  90  8:39  Roach  
  90  8:41  Roach  
  96  8:47  Roach x2  
  96  8:51  Roach, Zergling x2  
  96  8:54  Drone  
  98  8:59  Overlord  
  98  9:03  Drone  
  98  9:04  Drone  
  98  9:07  Roach  
  98  9:08  Overlord  
  98  9:09  Roach  
  100  9:10  Roach  
  100  9:11  Roach  
  100  9:12  Drone  
  100  9:16  Drone  
  104  9:18  Drone  
  104  9:19  Drone x2  
  109  9:24  Roach  
  109  9:29  Ravager, Spore Crawler  
  109  9:30  Ravager x2  
  111  9:33  Zergling x4  
  111  9:37  Zergling x2, Spore Crawler  
  113  9:41  Zergling x2  
  113  9:42  Zergling x6  
  111  9:46  Zergling x4  
  111  9:48  Drone  
  111  9:50  Drone  
  111  9:51  Drone  
  116  9:54  Drone  
  116  9:55  Ravager x2  
  116  9:58  Drone  
  116  9:59  Roach  
  122  10:02  Overseer  
  122  10:04  Ravager  
  122  10:06  Roach  
  125  10:10  Roach  
  125  10:11  Drone x2  
  129  10:17  Overlord  
  129  10:19  Overlord  
  129  10:21  Overlord  
  129  10:25  Overlord  
  129  10:29  Overlord  
  129  10:34  Overlord  
  129  10:36  Roach  
  129  10:37  Roach  
  129  10:38  Ravager x3  
  129  10:41  Roach  
  138  10:43  Roach  
  138  10:45  Roach  
  138  10:48  Roach  
  142  10:50  Roach  
  142  10:53  Roach, Ravager x2  
  142  10:54  Ravager  
  147  10:57  Roach  
  147  10:58  Roach  
  147  11:02  Roach  
  155  11:04  Roach  
  155  11:08  Roach  
  155  11:12  Roach  
  155  11:13  Roach  
  155  11:14  Roach  
  155  11:16  Roach  
  155  11:18  Roach  
  153  11:19  Roach  
  153  11:21  Roach  
  153  11:23  Roach  
  153  11:25  Roach  
  145  11:27  Roach  
  145  11:31  Roach x2  
  126  11:33  Roach  
  126  11:37  Roach  
  126  11:38  Roach  
  116  11:40  Roach  
  116  11:43  Roach  
  116  11:45  Roach  
  109  11:47  Roach  
  109  11:48  Ravager x2  
  109  11:49  Ravager  
  109  11:52  Overseer  
  114  11:54  Zergling x2  
  114  11:55  Zergling x6  
  114  11:57  Zergling x2  
  114  11:59  Zergling x2  
  120  12:02  Roach  
  120  12:04  Roach  
  120  12:06  Roach  
  120  12:08  Roach  
  128  12:10  Roach  
  128  12:11  Roach  
  128  12:14  Roach  
  128  12:15  Ravager  
  135  12:17  Roach  
  135  12:18  Roach  
  135  12:21  Roach  
  137  12:24  Zergling x2  
  137  12:28  Zergling x4  
  137  12:29  Roach  
  132  12:31  Roach  
  132  12:32  Roach  
  132  12:36  Zergling x2  
  134  12:37  Ravager x3  
  134  12:40  Roach x2  
  131  12:48  Roach  
  130  12:51  Roach  
  130  12:52  Roach  
  130  12:53  Zergling x2  
  130  12:54  Zergling x4  
  130  12:58  Roach x2  
  131  12:59  Roach  
  131  13:00  Ravager  
  131  13:02  Roach  
  131  13:03  Roach  
  138  13:05  Roach  
  138  13:11  Overlord  
  138  13:12  Overseer  
  134  13:15  Roach  
  134  13:16  Roach  
  134  13:17  Roach  
  134  13:19  Roach, Ravager  
  137  13:22  Roach  
  137  13:24  Roach  
  137  13:27  Roach  
  143  13:28  Roach  
  143  13:31  Roach  
  143  13:32  Roach  
  132  13:36  Roach  
  132  13:37  Roach  
  132  13:40  Zergling x4  
  136  13:47  Ravager  
  136  13:48  Ravager x2  

Tags
 
Add a new tag
Caveats
  • Supply blocks, unpowered buildings, or Contaminate may cause inaccurate times.
  • Supply counts are checked every 10 seconds.